 Dungeon Crawl Stone Soup version 0.24-a0-769-g368c1644f8 (webtiles) character file.

Game seed: 10275506770645432238, levelgen mode: deterministic

7 Erlindor the Grave Robber (level 1, -3/13 HPs)
             Began as a Mummy Necromancer on Oct 6, 2019.
             Slain by a hobgoblin (5 damage)
             ... on level 1 of the Dungeon.
             The game lasted 00:01:26 (345 turns).

Erlindor the Grave Robber (Mummy Necromancer)        Turns: 345, Time: 00:01:26

Health: -3/13      AC:  2    Str: 11    XL:     1   Next: 91%
Magic:  0/4        EV: 12    Int: 14    God:
Gold:   0          SH:  0    Dex: 12    Spells: 5/6 levels left

rFire    x . .     SeeInvis .   (no weapon)
rCold    + . .     Gourm    .   (no shield)
rNeg     + + +     Faith    .   a - +0 robe
rPois    ∞         Spirit   .   (no helmet)
rElec    .         Reflect  .   (no cloak)
rCorr    .         Harm     .   (no gloves)
MR       .....                  (no boots)
Stlth    ++........             (no amulet)
HPRegen  0.04/turn              (no ring)
MPRegen  0.09/turn              (no ring)

@: no status effects
A: no food or potions, fire vulnerability, cold resistance 1, negative energy
resistance 3, torment resistance, unbreathing
a: no special abilities


You were on level 1 of the Dungeon.
You were not hungry.

You visited 1 branch of the dungeon, and saw 2 of its levels.

Inventory:

Armour
 a - a +0 robe (worn)


   Skills:
 - Level 1.5 Dodging
 - Level 1.5 Stealth
 * Level 3.2 Spellcasting
 + Level 4.1 Necromancy


You had 5 spell levels left.
You knew the following spells:

 Your Spells              Type           Power        Failure   Level  Hunger
a - Pain                  Necr           ##..         3%          1    N/A

Your spell library contained the following spells:

 Spells                   Type           Power        Failure   Level  Hunger
 Animate Skeleton         Necr           N/A          3%          1    N/A
 Vampiric Draining        Necr           ##........   12%         3    N/A
 Animate Dead             Necr           N/A          36%         4    N/A
 Regeneration             Chrm/Necr      Unusable     N/A         3    N/A

Dungeon Overview and Level Annotations

Branches:
Dungeon (2/15)

Altars:


Innate Abilities, Weirdness & Mutations

You do not eat or drink.
Your flesh is vulnerable to fire.
You are immune to poison.
Your flesh is cold resistant. (rC+)
You are immune to negative energy. (rN+++)
You are immune to unholy pain and torment.
You can survive without breathing.


Message History

Casting: Pain (safe; 3% risk of failure)
Confirm with . or Enter, or press ? or * to list all spells.
Aiming: Pain (safe; 3% risk of failure)
Press: ? - help, Shift-Dir - straight line, f/p - worm
Aim: a worm (moderately wounded, chance to defeat MR: 77%)
The worm writhes in agony.
Casting: Pain (safe; 3% risk of failure)
Confirm with . or Enter, or press ? or * to list all spells.
Aiming: Pain (safe; 3% risk of failure)
Press: ? - help, Shift-Dir - straight line, f/p - worm
Aim: a worm (moderately wounded, chance to defeat MR: 77%)
The worm writhes in agony.
The worm bites you!
Ouch! That really hurt!
You see here a leopard gecko skeleton.
There is a stone staircase leading up here.
The worm bites you but does no damage.
You climb upwards.
The hobgoblin hits you.
* * * LOW HITPOINT WARNING * * *
The goblin closely misses you. The hobgoblin hits you.
You die...

⌠.......#.......#....#
....##..#.....###.w####
.....##.####....##..gg##
......#....#....#####..######
...........###...#####......#
......##...#........w.........
..........)#.....g.##.....##..
....##..##......g.##.....#
...............@g........#
..#######.......w........#
........##.#.......
..........#........##
...........###......#
.[.......##.. .... ..........#
.. .. ...... ...


You could see a worm, a dart slug, 2 hobgoblins and a goblin.

Vanquished Creatures
  2 leopard geckos
  A goblin (D:1)
  A hobgoblin (D:2)
  A kobold (D:1)
5 creatures vanquished.

Notes
Turn   | Place    | Note
-------+----------+-------------------------------------------
     0 | D:1      | Erlindor the Mummy Necromancer began the quest for the Orb.
     0 | D:1      | Reached XP level 1. HP: 13/13 MP: 4/4
   345 | D:1      | Slain by a hobgoblin

Levels and vault maps discovered:
D:1:      scummos_arrival_simple_fountains, layout_rooms, hangedman_decor_push
D:2:      layout_basic, nicolae_gozag_seed_capital,
          nicolae_ru_great_annihilating_truth, old_standard_altar,
          old_standard_altar, overflow_temple_1_default,
          chequers_ecumenical_altar_twisty

Skill      XL: |  1 |
---------------+----+-----
Spellcasting   | 3 |  3.2
Dodging        | |  1.5
Stealth        | |  1.5
Necromancy     | |  4.1

Action                   || total
-------------------------++-------
Melee: Unarmed           ||     1
 Cast: Pain              ||    14
Armor: Robe              ||     6
Dodge: Dodged            ||    17

Table legend:
 A = Non-vault XP
 B = Vault XP
 C = Vault XP percentage of total XP
 D = Non-vault monster count
 E = Vault monster count
 F = Vault count percentage of total count
                 A         B        C        D         E       F
            +---------+---------+-------+---------+---------+-------
      Total |      11 |       0 |   0.0 |       5 |       0 |   0.0
            +---------+---------+-------+---------+---------+-------
        D:1 |       6 |       0 |   0.0 |       3 |       0 |   0.0
        D:2 |       5 |       0 |   0.0 |       2 |       0 |   0.0
            +---------+---------+-------+---------+---------+-------
